 Dungeon Crawl Stone Soup version 0.19.0-11-g3fc08b3 (webtiles) character file.

86 Bluestream the Sneak (level 4, -1/21 HPs)
             Began as a Spriggan Enchanter on Nov 8, 2016.
             Slain by moosely's ghost (7 damage)
             ... on level 3 of the Dungeon.
             The game lasted 00:09:36 (3178 turns).

Bluestream the Sneak (Spriggan Enchanter)           Turns: 3178, Time: 00:09:36

Health: -1/21      AC:  4    Str:  4    XL:     4   Next: 26%
Magic:  2/10       EV: 18    Int: 17    God:
Gold:   114        SH:  0    Dex: 16    Spells: 3 memorised, 4 levels left

rFire  . . .     SeeInvis +     a - +1 dagger
rCold  . . .     Gourm    .     b - +1 robe
rNeg   . . .     Faith    .     (shield restricted)
rPois  .         Spirit   .     (helmet restricted)
rElec  .         Reflect  .     p - +0 cloak
rCorr  .         Harm     +     (gloves unavailable)
MR     .....                    (boots unavailable)
Stlth  +++.......               k - amulet of harm
                                (no ring)
                                (no ring)

@: very quick
A: unfitting armour, see invisible, herbivore 3, speed 3, slow metabolism 2
a: no special abilities


You were on level 3 of the Dungeon.
You were very hungry.

You visited 1 branch of the dungeon, and saw 3 of its levels.

You collected 114 gold pieces.

Inventory:

Hand Weapons
 a - a +1 dagger (weapon)
Armour
 b - a +1 robe (worn)
 p - a +0 cloak (worn)
Jewellery
 k - an amulet of harm (around neck)
Wands
 n - a wand of enslavement (10/24)
Scrolls
 e - a scroll of fear {unknown}
 f - 2 scrolls of amnesia {unknown}
 g - 5 scrolls of identify {unknown}
 j - a scroll of blinking {unknown}
 m - a scroll of immolation {unknown}
 o - a scroll of noise {unknown}
 q - a scroll of fog {unknown}
 r - a scroll of enchant armour {unknown}
Potions
 h - a potion of lignification {unknown}
 i - 2 potions of curing {unknown}
 l - 2 potions of heal wounds {unknown}
Books
 c - a book of Maledictions

   Spells                             Type                      Level
   a - Corona                         Hexes                        1
   b - Ensorcelled Hibernation        Hexes/Ice                    2
   c - Confuse                        Hexes                        3
   d - Tukima's Dance                 Hexes                        3
   e - Dazzling Spray                 Conjuration/Hexes            3
Comestibles
 d - 2 bread rations
 s - 2 fruits


   Skills:
 - Level 1.3 Short Blades
 - Level 3.2 Dodging
 + Level 5.6 Stealth
 + Level 3.9 Spellcasting
 + Level 4.5 Hexes


You had 4 spell levels left.
You knew the following spells:

 Your Spells              Type           Power        Failure   Level  Hunger
a - Corona                Hex            ###....      2%          1    None
b - Ensorcelled Hibernat  Hex/Ice        ##....       12%         2    ##.....
c - Confuse               Hex            ###.....     10%         3    ###....


Dungeon Overview and Level Annotations

Branches:
Dungeon (3/15)

Altars:
Ru

Annotations:
D:3 moosely's ghost, amateur HaHu


Innate Abilities, Weirdness & Mutations

You are very small and have problems with some larger weapons.
You are too small for most types of armour.
You have supernaturally acute eyesight. (SInv)
You are a herbivore.
You cover ground extremely quickly.
You need consume almost no food.


Message History

Moosely's ghost is almost destroyed.
Moosely's ghost hits you.
You hit moosely's ghost but do no damage.
Moosely's ghost is almost destroyed.
Moosely's ghost closely misses you.
You hit moosely's ghost but do no damage.
Moosely's ghost is almost destroyed.
Moosely's ghost barely misses you.
You hit moosely's ghost but do no damage.
Moosely's ghost is almost destroyed.
Moosely's ghost hits you.
You hit moosely's ghost.
Moosely's ghost is almost destroyed.
Moosely's ghost hits you.
* * * LOW HITPOINT WARNING * * *
Casting: Confuse
Confirm with . or Enter, or press ? or * to list all spells.
You don't have enough magic to cast that spell.
Moosely's ghost hits you.
You die...

##.## #.# ##.#.#### #^#
#...###...###########.#
#.###.#...(...#<......†#
.[............########
............###########
#####...<.......÷.....#
#^......#########.#
#..@....# #...W...#
##.#.#### #.#.# #.#.#
#(#.# ..#.# ###.#


You could see moosely's ghost.

Vanquished Creatures
  2 adders
  2 worms (D:2)
  A dart slug (D:2)
  3 leopard geckos
  A ball python (D:2)
  3 bats
  5 giant cockroaches
  8 hobgoblins
  4 jackals (D:2)
  5 frilled lizards
  8 goblins
  5 kobolds
  7 rats
54 creatures vanquished.

Notes
Turn   | Place    | Note
-------+----------+-------------------------------------------
     0 | D:1      | Bluestream the Spriggan Enchanter began the quest for the Orb.
     0 | D:1      | Reached XP level 1. HP: 9/9 MP: 5/5
   415 | D:1      | Reached XP level 2. HP: 9/13 MP: 2/6
   507 | D:1      | Learned a level 2 spell: Ensorcelled Hibernation
  1325 | D:1      | Reached skill level 5 in Stealth
  1458 | D:2      | Reached XP level 3. HP: 16/16 MP: 0/8
  1628 | D:2      | Found a sacrificial altar of Ru.
  2439 | D:2      | Reached XP level 4. HP: 21/21 MP: 1/10
  2753 | D:3      | Noticed moosely's ghost (amateur HaHu)
  2771 | D:2      | Learned a level 3 spell: Confuse
  3178 | D:3      | Slain by moosely's ghost

Skill      XL: |  1  2 |
---------------+-------+-----
Spellcasting   | 3 |  3.9
Stealth        | 5 |  5.6
Hexes          | 4 |  4.5
Short Blades   | |  1.3
Dodging        | |  3.2

Action                   |  1- 3 |  4- 6 || total
-------------------------+-------+-------++-------
Melee: Dagger            |   102 |    50 ||   152
 Cast: Corona            |     9 |       ||     9
       Ensorcelled Hiber |    27 |     8 ||    35
       Confuse           |       |     6 ||     6
 Stab: Sleeping          |    29 |     5 ||    34
       Distracted        |     2 |       ||     2
       Confused          |       |     3 ||     3
  Eat: Fruit             |       |     1 ||     1
Armor: Robe              |    14 |     5 ||    19
Dodge: Dodged            |    74 |    27 ||   101
